 Dungeon Sprint DCSS version 0.21-a0-297-ga3d34c2 (webtiles) character file.

111 Kidiri the Insei (level 4, -1/34 HPs)
             Began as a Demonspawn Transmuter on Sept 28, 2017.
             Was a Priest of Qazlal.
             Slain by a warg (16 damage)
             ... in the Dungeon (Sprint VII: "The Pits").
             The game lasted 00:02:11 (566 turns).

Kidiri the Insei (Demonspawn Transmuter)             Turns: 566, Time: 00:02:11

Health: -1/34      AC:  2    Str: 11    XL:     4   Next: 62%
Magic:  5/8        EV: 14    Int: 14    God:    Qazlal [***...]
Gold:   0          SH:  4    Dex: 14    Spells: 1/9 levels left

rFire    . . .     SeeInvis .     - Unarmed
rCold    . . .     Gourm    .   (no shield)
rNeg     . . .     Faith    .   b - +0 robe
rPois    .         Spirit   .   (no helmet)
rElec    .         Reflect  .   (no cloak)
rCorr    .         Harm     .   (no gloves)
MR       .....     NoTele   +   (no boots)
Stlth    +.........             (no amulet)
HPRegen  0.11/turn              (no ring)
MPRegen  0.11/turn              (no ring)

@: very slightly contaminated
A: claws 2, powered by pain 1
a: Upheaval, Elemental Force, Renounce Religion


You were in the Dungeon.
You worshipped Qazlal.
Qazlal was most pleased with you.
You were not hungry.

You visited 1 branch

Inventory:

Missiles
 a - 12 arrows
 r - 5 stones (quivered)
Armour
 b - a +0 robe (worn)
Scrolls
 j - a scroll of blinking
 l - 3 scrolls of remove curse
 m - 5 scrolls of amnesia
 n - a scroll of summoning
Potions
 e - 6 potions of curing
 f - 4 potions of heal wounds
 g - a potion of haste
 h - 4 potions of magic
 i - 2 potions of berserk rage
 k - 2 potions of invisibility
Books
 c - a book of Changes

   Spells                             Type                      Level
   a - Beastly Appendage              Transmutation                1
   b - Sticks to Snakes               Transmutation                2
   c - Spider Form                    Transmutation/Poison         3
   d - Ice Form                       Ice/Transmutation            4
   e - Blade Hands                    Transmutation                5
Comestibles
 d - 8 bread rations
 o - 40 fruits
 p - 7 meat rations
 q - 5 chunks of flesh


   Skills:
 + Level 2.6 Fighting
 + Level 2.4 Armour
 * Level 4.0 Dodging
 * Level 4.5 Unarmed Combat
 + Level 3.2 Spellcasting
 * Level 4.1 Transmutations
 + Level 0.1 Ice Magic
 + Level 0.0 Poison Magic
 + Level 3.6 Invocations


You had one spell level left.
You knew the following spells:

 Your Spells              Type           Power        Failure   Level  Hunger
a - Beastly Appendage     Tmut           ##....       3%          1    #......
b - Spider Form           Tmut/Pois      #.........   26%         3    ###....
c - Ice Form              Ice/Tmut       #.......     63%         4    #####..


Dungeon Overview and Level Annotations

Branches:
Dungeon (1/1)

Altars:
Ashenzari
Cheibriados
Dithmenos
Elyvilon
Fedhas
Gozag
Hepliaklqana
Kikubaaqudgha
Makhleb
Nemelex Xobeh
Okawaru
Qazlal
Ru
Sif Muna
Trog
Uskayaw
Vehumet
Wu Jian
Xom
Yredelemnul
Zin
The Shining One
Beogh
Jiyva
Lugonu


Innate Abilities, Weirdness & Mutations

You have very sharp fingernails.
You sometimes gain a little power by taking damage.


Message History

Unknown command.
You feel much better. The goblin misses you. The warg bites you!
You bite the goblin!
You kill the goblin!
Qazlal accepts your kill. The warg bites you.
You hit the warg but do no damage. The warg completely misses you.
Unknown command.
You hit the warg but do no damage.
The warg is poisoned.
Your transformation has ended.
Your +0 robe unmelds from your body.
The warg bites you but does no damage.
Unknown command.
Casting: Spider Form
Confirm with . or Enter, or press ? or * to list all spells.
You miscast Spider Form.
You are very lightly contaminated with residual magic.
Multicoloured lights dance before your eyes!
You hear a hideous shriek!
The warg bites you!
You die...

#.#))#.....##.....
#.#[[###+####.....
#.##+#.....##...<.
#.#........##.....
#.#........##.....
#'###########.....
#....g..# ######
#h###.5.# #@# .#
#)# #.. #... #....
######


You could see a warg.

Vanquished Creatures
  A wolf (D)
  An ufetubus (D)
  2 oozes (D)
  A leopard gecko (D)
  A giant cockroach (D)
  A goblin (D)
  A hobgoblin (D)
  3 jackals (D)
  A ball python skeleton (D)
  A kobold (D)
  A rat (D)
14 creatures vanquished.

Notes
Turn   | Place    | Note
-------+----------+-------------------------------------------
     0 | D        | Kidiri the Demonspawn Transmuter began the quest for the Orb.
     0 | D        | Reached XP level 1. HP: 15/15 MP: 3/3
    61 | D        | Found a bloodstained altar of Trog.
    61 | D        | Found a deep blue altar of Sif Muna.
    61 | D        | Found a viscous altar of Jiyva.
    61 | D        | Found a hazy altar of Hepliaklqana.
    61 | D        | Found an opulent altar of Gozag.
    62 | D        | Found a glowing golden altar of the Shining One.
    62 | D        | Found a glowing silver altar of Zin.
    62 | D        | Found a basalt altar of Yredelemnul.
    62 | D        | Found a shimmering altar of Xom.
    62 | D        | Found an ornate altar of the Wu Jian Council.
    62 | D        | Found a sacrificial altar of Ru.
    62 | D        | Found a stormy altar of Qazlal.
    62 | D        | Found an iron altar of Okawaru.
    62 | D        | Found a sparkling altar of Nemelex Xobeh.
    62 | D        | Found a burning altar of Makhleb.
    62 | D        | Found a blossoming altar of Fedhas.
    62 | D        | Found a white marble altar of Elyvilon.
    62 | D        | Found a shadowy altar of Dithmenos.
    62 | D        | Found a snail-covered altar of Cheibriados.
    65 | D        | Found a corrupted altar of Lugonu.
    65 | D        | Found a radiant altar of Vehumet.
    65 | D        | Found a roughly hewn altar of Beogh.
    66 | D        | Found an ancient bone altar of Kikubaaqudgha.
    66 | D        | Found a hide-covered altar of Uskayaw.
    66 | D        | Found a shattered altar of Ashenzari.
    69 | D        | Became a worshipper of Qazlal Stormbringer
   150 | D        | Reached * piety under Qazlal
   150 | D        | Reached skill level 1 in Invocations
   167 | D        | Reached skill level 1 in Armour
   173 | D        | Reached ** piety under Qazlal
   173 | D        | Gained mutation: You have sharp fingernails. [demonic ancestry]
   173 | D        | Reached XP level 2. HP: 13/21 MP: 3/5
   375 | D        | Noticed a wolf
   412 | D        | Killed a wolf
   412 | D        | Gained mutation: You sometimes gain a little power by taking damage. [demonic ancestry]
   412 | D        | Reached XP level 3. HP: 21/28 MP: 4/7
   412 | D        | Gained mutation: You have very sharp fingernails. [demonic ancestry]
   412 | D        | Reached XP level 4. HP: 26/34 MP: 4/8
   424 | D        | Learned a level 3 spell: Spider Form
   429 | D        | Learned a level 4 spell: Ice Form
   554 | D        | Reached *** piety under Qazlal
   558 | D        | Noticed a warg
   566 | D        | Slain by a warg

Vault maps used:
D:        pitsprint

Skill      XL: |  1  2  3  4 |
---------------+-------------+-----
Transmutations | 2 4 |  4.1
Dodging        | 2 3 4 |  4.0
Invocations    | 1 3 |  3.6
Armour         | 1 2 |  2.4
Unarmed Combat | 3 4 |  4.5
Fighting       | 2 |  2.6
Spellcasting   | 3 |  3.2
Ice Magic      | |  0.1

Action                   |  1- 3 |  4- 6 || total
-------------------------+-------+-------++-------
Melee: Unarmed           |    56 |    14 ||    70
       Headbutt          |     4 |       ||     4
       Kick              |     3 |       ||     3
       Punch             |     1 |       ||     1
 Cast: Beastly Appendage |     8 |       ||     8
       Spider Form       |       |     1 ||     1
  Use: Potion            |     2 |     1 ||     3
Armor: Robe              |     9 |     1 ||    10
       Skin              |       |     1 ||     1
Dodge: Dodged            |    41 |    19 ||    60
Block: Other             |     3 |     3 ||     6

Table legend:
 A = Spawn XP
 B = Non-spawn XP
 C = Spawn XP percentage of total XP
 D = Spawn monster count
 E = Non-spawn monster count
 F = Spawn count percentage of total count
 G = Total turns spent on level
                    A         B        C        D         E        F      G
               +---------+---------+-------+---------+---------+-------+---------
         Total |       0 |     159 |   0.0 |       0 |      14 |   0.0 |   566
               +---------+---------+-------+---------+---------+-------+---------
             D |       0 |     159 |   0.0 |       0 |      14 |   0.0 |   566
               +---------+---------+-------+---------+---------+-------+---------
